 Dungeon Crawl Stone Soup version 0.16-a0-3946-g4f19e5c (console) character file.

1151 Fusha the Bolt Thrower (level 8, -6/66 HPs)
             Began as a Centaur Hunter on Feb 9, 2015.
             Was an Initiate of Fedhas.
             Mangled by an ice beast (11 damage)
             ... on level 5 of the Dungeon.
             The game lasted 00:20:56 (6117 turns).

Fusha the Bolt Thrower (Centaur Hunter)             Turns: 6117, Time: 00:20:57

Health: -6/66      AC:  8    Str: 17    XL:     8   Next: 15%
Magic:  17/17      EV: 11    Int: 10    God:    Fedhas [......]
Gold:   125        SH:  0    Dex: 10    Spells: 3 memorised, 4 levels left

rFire  . . .     SeeInvis .     a - +2 whip (flame)
rCold  . . .     Clarity  .     p - +2 robe {rN+}
rNeg   + . .     SustAb   .     (no shield)
rPois  .         Gourm    .     c - +0 helmet
rElec  .         Spirit   .     F - +0 cloak {+Inv}
rCorr  .         Warding  .     (no gloves)
rMut   .         Stasis   .     (no barding)
MR     .....                    (no amulet)
Stlth  +.........               n - ring of magical power
                                m - ring of flight

@: very quick, not resistant to hostile enchantments, very unstealthy
A: hooves 3, deformed body, speed 2, tough skin 3
a: Renounce Religion, Evoke Invisibility, Evoke Flight


You were on level 5 of the Dungeon.
You worshipped Fedhas.
Fedhas was noncommittal.
You were hungry.

You visited 1 branch of the dungeon, and saw 5 of its levels.

You collected 223 gold pieces.
You spent 98 gold pieces at shops.

Inventory:

Hand weapons
 a - a +2 whip of flaming (weapon)
 b - a +2 hand crossbow
 A - a +0 short sword
Missiles
 C - 5 bolts
Armour
 c - a +0 helmet (worn)
 d - a +1 leather armour
 p - a +2 robe of positive energy (worn)
 F - a +0 cloak of invisibility (worn)
Jewellery
 m - a ring of flight (left hand)
 n - a ring of magical power (right hand)
Magical devices
 q - a wand of digging (10)
 r - a wand of random effects (0)
 G - a wand of confusion (0)
Scrolls
 o - a scroll of random uselessness
 t - 2 scrolls of remove curse
 u - 6 scrolls of teleportation
 v - a scroll of amnesia {unknown}
 x - a scroll of recharging {unknown}
 y - a scroll of fear {unknown}
 I - a scroll of immolation {unknown}
Potions
 f - a potion of restore abilities {unknown}
 g - a potion of mutation
 h - 2 potions of agility
 j - 3 potions of magic
 k - a potion of haste {unknown}
 w - 2 potions of cure mutation {unknown}
 z - a potion of ambrosia {unknown}
 D - 2 potions of curing
 E - a potion of degeneration
Books
 e - Sif Muna's Guide on Confrontation
   (You found it on level 4 of the Dungeon)

   Spells                             Type                      Level
   a - Flame Tongue                   Conjuration/Fire             1
 l - Vehumet's Reference Book on Conjuration
   (You found it on level 4 of the Dungeon)

   Spells                             Type                      Level
   a - Magic Dart                     Conjuration                  1
 s - Kikubaaqudgha's Volume of Stolen Souls
   (You found it on level 4 of the Dungeon)

   Spells                             Type                      Level
   a - Pain                           Necromancy                   1
Comestibles
 i - a meat ration
 B - 3 bread rations
 H - a beef jerky


   Skills:
 + Level 3.9 Fighting
 + Level 2.0 Short Blades
 + Level 0.5 Maces & Flails
 + Level 7.3 Crossbows
 + Level 1.8 Armour
 + Level 4.2 Dodging
 + Level 1.4 Stealth
 + Level 1.6 Evocations


You had 4 spell levels left.
You knew the following spells:

 Your Spells              Type           Power        Failure   Level  Hunger
a - Flame Tongue          Conj/Fire      #....        38%         1    ##.....
b - Magic Dart            Conj           #...         38%         1    ##.....
c - Pain                  Necr           #...         38%         1    ##.....


Dungeon Overview and Level Annotations

Branches:
Dungeon (5/15)
 Temple: D:4-7

Altars:
Fedhas
Kikubaaqudgha
Makhleb
Sif Muna
Vehumet
Xom
The Shining One

Shops:
D:4 !(


Innate Abilities, Weirdness & Mutations

You have hooves in place of feet.
Armour fits poorly on your strangely shaped body.
You cover ground very quickly.
You have extremely tough skin (AC +3).


Message History

You barely miss the ice beast.
The ice beast is almost dead.
The ice beast hits you. The ice beast freezes you!
* * * LOW HITPOINT WARNING * * *
You closely miss the ice beast.
The ice beast is almost dead.
The ice beast hits you.
* * * LOW HITPOINT WARNING * * *
The ice beast freezes you!
* * * LOW HITPOINT WARNING * * *
You hit the ice beast but do no damage. You kick the ice beast.
The ice beast is almost dead.
The ice beast completely misses you.
You closely miss the ice beast.
The ice beast is almost dead.
The ice beast hits you.
* * * LOW HITPOINT WARNING * * *
The ice beast freezes you!
You die...
Fedhas appreciates your contribution to the ecosystem.

#.#.# ###.##.
..#.. ..... ..#..
...... .#...
...#.. #... ..#.#
.######### .....
#. .........# ....
........Y.# ...
........@.# #.#
..........#####.##
................#
########........#
. #........## .#
#.........# .#
#.......#.###.#
#.......#..##.#
#.......##.##.#


You could see an ice beast.

Vanquished Creatures
  Pikel (D:3)
  An ice beast (D:5)
  A centaur (D:5)
  Sigmund (D:2)
  2 crimson imps
  Crazy Yiuf (D:4)
  3 orc wizards (D:4)
  Natasha (twice) (D:4)
  A worker ant (D:4)
  Ijyb (D:5)
  Jessica (D:2)
  9 adders
  A shadow imp (D:4)
  2 worms
  A giant gecko (D:1)
  An ooze (D:3)
  7 orcs
  8 bats
  5 giant cockroaches
  14 hobgoblins
  9 kobolds
  3 quokkas
  A ball python (D:1)
  7 giant newts
  13 goblins
  7 jackals
  12 rats
115 creatures vanquished.

Vanquished Creatures (others)
  2 slaves (D:4)
  A worker ant (D:4)
  5 sheep (D:4)
  A gnoll (D:4)
  Natasha (D:4)
  A giant gecko (D:4)
  An ooze (D:4)
  A hobgoblin (D:4)
  A rat (D:4)
  16 toadstools
30 creatures vanquished.

Grand Total: 145 creatures vanquished

Notes
Turn   | Place    | Note
--------------------------------------------------------------
     0 | D:1      | Fusha, the Centaur Hunter, began the quest for the Orb.
     0 | D:1      | Reached XP level 1. HP: 17/17 MP: 1/1
   236 | D:1      | Reached XP level 2. HP: 11/24 MP: 2/2
   961 | D:1      | Reached XP level 3. HP: 24/29 MP: 3/3
  1422 | D:2      | Found a burning altar of Makhleb.
  1426 | D:2      | Reached skill level 5 in Crossbows
  1430 | D:2      | Noticed Sigmund
  1531 | D:2      | Noticed Jessica
  1534 | D:2      | Killed Jessica
  1534 | D:2      | Reached skill level 1 in Armour
  1565 | D:2      | Reached XP level 4. HP: 18/37 MP: 3/3
  2322 | D:2      | Killed Sigmund
  2322 | D:2      | Reached XP level 5. HP: 33/44 MP: 4/4
  3373 | D:3      | Found a blossoming altar of Fedhas.
  3378 | D:3      | Became a worshipper of Fedhas Madash
  3387 | D:3      | Found a glowing golden altar of the Shining One.
  3550 | D:4      | Noticed Pikel
  3550 | D:4      | Noticed a slave
  3855 | D:4      | Noticed a slave
  3855 | D:4      | Noticed a slave
  3855 | D:4      | Noticed a slave
  3904 | D:4      | Found a shimmering altar of Xom.
  4170 | D:3      | Killed Pikel
  4170 | D:3      | Reached skill level 1 in Short Blades
  4170 | D:3      | Reached skill level 6 in Crossbows
  4170 | D:3      | Reached skill level 1 in Stealth
  4170 | D:3      | Reached skill level 1 in Evocations
  4170 | D:3      | Reached XP level 6. HP: 23/51 MP: 6/6
  4170 | D:3      | Reached XP level 7. HP: 25/57 MP: 6/6
  4392 | D:4      | Noticed Natasha
  4398 | D:4      | Killed Natasha
  4433 | D:4      | Found Zuibufah's Antique Weapon Boutique.
  4466 | D:4      | Killed Natasha
  4521 | D:4      | Found Rennusit's Distillery.
  4778 | D:4      | Reached skill level 7 in Crossbows
  4870 | D:4      | Killed a freed slave
  4943 | D:4      | Noticed Natasha
  4959 | D:4      | Killed Natasha
  5252 | D:4      | Found a deep blue altar of Sif Muna.
  5256 | D:4      | Identified Sif Muna's Guide on Confrontation (You found it on level 4 of the Dungeon)
  5259 | D:4      | Learned a level 1 spell: Flame Tongue
  5264 | D:4      | Found a radiant altar of Vehumet.
  5268 | D:4      | Identified Vehumet's Reference Book on Conjuration (You found it on level 4 of the Dungeon)
  5271 | D:4      | Learned a level 1 spell: Magic Dart
  5276 | D:4      | Found an ancient bone altar of Kikubaaqudgha.
  5282 | D:4      | Identified Kikubaaqudgha's Volume of Stolen Souls (You found it on level 4 of the Dungeon)
  5285 | D:4      | Learned a level 1 spell: Pain
  5522 | D:4      | Bought a potion of curing for 42 gold pieces
  5522 | D:4      | Bought a potion of curing for 42 gold pieces
  5522 | D:4      | Bought a potion of degeneration for 14 gold pieces
  5578 | D:4      | Noticed Crazy Yiuf
  5617 | D:5      | Entered Level 5 of the Dungeon
  5690 | D:4      | Killed a freed slave
  5732 | D:4      | Killed Crazy Yiuf
  5860 | D:5      | Reached XP level 8. HP: 48/66 MP: 8/8
  5919 | D:5      | Noticed Ijyb
  5942 | D:5      | Killed Ijyb
  6117 | D:5      | Mangled by an ice beast

Action                   |  1- 3 |  4- 6 |  7- 9 || total
-------------------------+-------+-------+-------++-------
Melee: Short sword       |   142 |   148 |       ||   290
       Whip              |       |       |   145 ||   145
 Fire: Hand crossbow     |    17 |    71 |    22 ||   110
Evoke: Wand              |       |     8 |       ||     8
  Use: Scroll            |       |     6 |     4 ||    10
       Potion            |       |       |     4 ||     4
  Eat: Bread ration      |     1 |     1 |       ||     2
       Meat ration       |       |       |     1 ||     1
